 Dungeon Crawl Stone Soup version 0.23.2-1-ga50397a (webtiles) character file.

Game seed: 17970459035638572658

343 whitewolfNL the Skirmisher (level 6, -4/57 HPs)
             Began as a Minotaur Berserker on May 25, 2019.
             Was a Priest of Trog.
             Killed from afar by an orc wizard (7 damage)
             ... with a magic dart
             ... on level 4 of the Dungeon.
             The game lasted 00:09:46 (2775 turns).

whitewolfNL the Skirmisher (Minotaur Berserker)     Turns: 2775, Time: 00:09:49

Health: -4/57      AC:  6    Str: 22    XL:     6   Next: 31%
Magic:  5/5        EV: 12    Int:  4    God:    Trog [***...]
Gold:   136        SH:  0    Dex: 11    Spells: 5/5 levels left

rFire    + . .     SeeInvis .   x - +0 morningstar
rCold    . . .     Gourm    .   (no shield)
rNeg     . . .     Faith    .   y - +2 leather armour {MR+}
rPois    .         Spirit   .   (helmet restricted)
rElec    .         Reflect  .   s - +0 cloak
rCorr    .         Harm     .   (no gloves)
MR       +....                  (no boots)
Stlth    +.........             (no amulet)
HPRegen  0.19/turn              p - ring of protection from fire
MPRegen  0.09/turn              (no ring)

@: lethally poisoned (-4 -> -9), berserk cooldown, hasted and slowed
A: retaliatory headbutt, horns 2
a: Berserk, Trog's Hand, Renounce Religion


You were on level 4 of the Dungeon.
You worshipped Trog.
Trog was most pleased with you.
You were hungry.

You visited 1 branch of the dungeon, and saw 4 of its levels.

You collected 136 gold pieces.

Inventory:

Hand Weapons
 n - a +0 hunting sling
 x - a +0 morningstar (weapon)
Missiles
 d - 84 arrows
 h - 31 stones (quivered)
 j - 35 sling bullets
 m - 11 javelins
 r - 21 bolts
 v - 16 poisoned needles
 E - 2 tomahawks
Armour
 s - a +0 cloak (worn)
 y - a +2 leather armour of magic resistance (worn)
Jewellery
 p - a ring of protection from fire (left hand)
Scrolls
 b - a scroll of remove curse {unknown}
 f - a scroll of amnesia {unknown}
 l - a scroll of fog {unknown}
 q - 5 scrolls of identify {unknown}
 u - a scroll of enchant armour {unknown}
 z - a scroll of random uselessness {unknown}
 A - a scroll of blinking {unknown}
 B - a scroll of enchant weapon {unknown}
 D - a scroll of immolation {unknown}
Potions
 a - a potion of experience {unknown}
 e - a potion of haste
 g - a potion of magic {unknown}
 i - 2 potions of lignification {unknown}
 k - a potion of degeneration {unknown}
 o - a potion of might {unknown}
 t - a potion of flight {unknown}
 C - 2 potions of berserk rage {unknown}
Comestibles
 c - 6 rations
 w - a chunk of flesh


   Skills:
 * Level 6.1 Fighting
 * Level 6.1 Maces & Flails
 + Level 2.5 Throwing
 - Level 2.4 Armour
 - Level 2.1 Dodging


You had 5 spell levels left.
You didn't know any spells.
Your spell library was empty.

Dungeon Overview and Level Annotations

Branches:
Dungeon (4/15)
 Temple: D:4-7

Altars:
Gozag
Ru


Innate Abilities, Weirdness & Mutations

You reflexively headbutt those who attack you in melee.
You have a pair of horns on your head.


Message History

Deactivating autopickup; reactivate with Ctrl-A.
The phantom blinks!
The phantom blinks!
The orc barely misses you. x2
Something hits you but does no damage.
You are poisoned.
The phantom blinks!
The gnoll hits you with a +0 flail!
* * * LOW HITPOINT WARNING * * *
You feel sick. Something hits you but does no damage.
You are lethally poisoned!
* * * LOW HITPOINT WARNING * * *
You feel sick. Something hits you.
* * * LOW HITPOINT WARNING * * *
It was a potion of haste.
You feel yourself speed up.
* * * LOW HITPOINT WARNING * * *
You feel sick.
You hear some strange, mumbled words.
A magic dart appears from out of thin air!
The magic dart hits you!
You die...

..############...#### ......
..############...##.. ....%
...................... ....
...................... .o.#
##.###'#########... ...#
######.####...# .. ...#
...............#########...#
...............{og.........#
+########.##..@##..........#
######.##...##..[)†......#
...............).†).......#
.............##..##.#######
.............###+##.#
...........).........
.###+##########.)....#
.##..# #


You could see a gnoll and an orc.

Vanquished Creatures
  3 orc priests
  A bullfrog skeleton (D:4)
  3 orc wizards
  5 adders
  An ooze (D:2)
  A worm (D:2)
  2 dart slugs
  3 leopard geckos
  11 orcs
  12 bats
  A giant cockroach (D:2)
  9 goblins
  5 hobgoblins
  5 jackals
  6 kobolds
  3 quokkas
  A ball python (D:3)
  4 frilled lizards
  10 rats
86 creatures vanquished.

Vanquished Creatures (others)
  A plant (D:2)
1 creature vanquished.

Grand Total: 87 creatures vanquished

Notes
Turn   | Place    | Note
-------+----------+-------------------------------------------
     0 | D:1      | whitewolfNL the Minotaur Berserker began the quest for the
                  | Orb.
     0 | D:1      | Reached XP level 1. HP: 19/19 MP: 0/0
   293 | D:1      | Reached XP level 2. HP: 25/27 MP: 1/1
   985 | D:2      | Reached ** piety under Trog
   985 | D:2      | Reached skill level 1 in Throwing
   985 | D:2      | Reached XP level 3. HP: 29/34 MP: 2/2
  1528 | D:2      | Reached XP level 4. HP: 40/41 MP: 3/3
  1983 | D:3      | Found a sacrificial altar of Ru.
  1995 | D:3      | Reached skill level 5 in Fighting
  1995 | D:3      | Reached skill level 5 in Maces & Flails
  2029 | D:3      | Reached XP level 5. HP: 26/48 MP: 4/4
  2204 | D:3      | Found an opulent altar of Gozag.
  2338 | D:3      | Found a faded altar of an unknown god.
  2554 | D:3      | Reached *** piety under Trog
  2689 | D:4      | Reached XP level 6. HP: 57/57 MP: 5/5
  2775 | D:4      | Killed from afar by an orc wizard

Skill      XL: |  1  2  3  4  5  6 |
---------------+-------------------+-----
Fighting       | 4 5 6 |  6.1
Maces & Flails | 4 5 6 |  6.1
Throwing       | 1 2 |  2.5
Armour         | |  2.4
Dodging        | |  2.1

Action                   |  1- 3 |  4- 6 || total
-------------------------+-------+-------++-------
Melee: Mace              |    66 |    76 ||   142
       Headbutt          |    12 |    22 ||    34
       Morningstar       |       |    31 ||    31
Invok: Berserk           |       |     5 ||     5
  Use: Potion            |       |     1 ||     1
 Stab: Paralysed         |       |     2 ||     2
  Eat: Chunk             |     2 |     8 ||    10
Armor: Ring mail         |    25 |    15 ||    40
       Animal skin       |     2 |       ||     2
       Leather armour    |       |    43 ||    43
Dodge: Dodged            |    46 |    86 ||   132
